AoeStats
← 念

Arena

508736518Analyzed
4v4 RM · 9d ago on Sep 23, 2026· 30m 53s· 8 players
Game mode
Random Map
Map size
Large (8 player)
Population
200
Speed
Normal
Resources
Standard
Victory
Conquest
Starting age
Dark Age
Ending age
Imperial Age
RankedLock teamsTeams togetherTeam positionsShared explorationLock speedFull tech treeHidden civsTurbo modeCheats
Victory
Defeat
🇮🇳 Celts · India
1247
+14
🇮🇳 Japanese · India
1222
+15
🇮🇳 Armenians · India
1192
+16
🇮🇳 Varangians · India
1131
+18
🇺🇸 Hindustanis · United States
1243
-18
🇨🇳 Persians · China
1226
-17
🇬🇧 Danes · United Kingdom
1161
-14
🇯🇵 Ethiopians · Japan
1145
-14
11VillagerIdle
7:17 Loom
11:07 Feudal Age
16:43 Castle Age
14:31 Double-Bit Axe
15:35 Horse Collar
15:51 Gold Mining
24:48 Fletching
28:11 Bodkin Arrow
30:02 Masonry
sj
10:16 Feudal Age
11:31 Double-Bit Axe
14:04 Castle Age
15:11 Bow Saw
14:51 Horse Collar
15:57 Heavy Plow
20:39 Loom
21:36 Bloodlines
21:26 Husbandry
22:50 Scale Barding Armor
念
9:36 Feudal Age
10:12 Double-Bit Axe
13:26 Castle Age
12:09 Horse Collar
23:06 Wheelbarrow
22:49 Bow Saw
26:23 Hand Cart
26:10 Heavy Plow
26:05 Gold Mining
26:37 Stone Mining
27:25 Gold Shaft Mining
27:58 Stone Shaft Mining
27:29 Scale Barding Armor
27:34 Forging
29:59 Imperial Age
27:17 Loom
27:17 Town Watch
28:11 Masonry
28:51 Fletching
29:22 Chain Barding Armor
31:47 Plate Barding Armor
31:48 Iron Casting
32:14 Two-Man Saw
31:45 Crop Rotation
Papperation
10:20 Feudal Age
12:11 Double-Bit Axe
14:48 Castle Age
14:41 Loom
21:22 Fletching
23:10 Bow Saw
27:25 Crossbowman
29:21 Bodkin Arrow
Lurker
11:00 Feudal Age
12:17 Loom
14:36 Castle Age
12:42 Double-Bit Axe
olais
5:01 Loom
11:48 Feudal Age
16:20 Castle Age
14:24 Horse Collar
14:56 Double-Bit Axe
15:49 Stone Mining
17:46 Wheelbarrow
22:23 Fervor
23:26 Heavy Plow
23:41 Bow Saw
30:24 Bloodlines
33:17 Imperial Age
31:20 Gold Mining
32:06 Stone Shaft Mining
bamboe
11:03 Feudal Age
15:12 Castle Age
16:46 Double-Bit Axe
21:36 Horse Collar
22:59 Heavy Plow
23:11 Bow Saw
22:55 Gold Mining
24:12 Stone Mining
26:14 Wheelbarrow
30:53 Imperial Age
28:44 Fletching
28:55 Padded Archer Armor
29:48 Bodkin Arrow
30:12 Hand Cart
31:05 Leather Archer Armor
30:56 Town Watch
30:58 Loom
Aaaaaaah Do
10:45 Feudal Age
12:28 Loom
15:24 Castle Age
13:59 Double-Bit Axe
15:15 Horse Collar
26:56 Scale Mail Armor
Connection lost

Rejoining the realm…

Still unreachable

The connection could not be restored.

Session expired

The server has moved on; the page needs a fresh start.